 Dungeon Crawl Stone Soup version 0.19-a0-1047-g4b671ad (webtiles) character file.

89 Musica the Sneak (level 4, -5/21 HPs)
             Began as a Spriggan Enchanter on July 31, 2016.
             Killed by divine providence
             ... invoked by an orc priest
              (14 damage)
             ... on level 3 of the Dungeon.
             The game lasted 00:07:37 (1622 turns).

Musica the Sneak (Spriggan Enchanter)               Turns: 1622, Time: 00:07:38

Health: -5/21      AC:  4    Str:  4    XL:     4   Next: 31%
Magic:  2/9        EV: 18    Int: 17    God:
Gold:   91         SH:  0    Dex: 16    Spells: 3 memorised, 3 levels left

rFire  x . .     SeeInvis +     m - +0 hunting sling
rCold  + . .     Gourm    .     b - +2 robe
rNeg   . . .     Faith    .     (shield restricted)
rPois  .         Spirit   .     (helmet restricted)
rElec  .         Dismiss  .     (no cloak)
rCorr  .         Reflect  .     (gloves unavailable)
SustAt .         Harm     .     (boots unavailable)
MR     .....                    (no amulet)
Stlth  ++++......               (no ring)
                                n - ring of ice (curse)

@: very quick, not resistant to hostile enchantments, stealthy
A: unfitting armour, see invisible, herbivore 3, speed 3, slow metabolism 2
a: no special abilities


You were on level 3 of the Dungeon.
You were not hungry.

You visited 1 branch of the dungeon, and saw 3 of its levels.

You collected 91 gold pieces.

Inventory:

Hand Weapons
 a - a +1 dagger
 m - a +0 hunting sling (weapon)
Missiles
 e - 13 poisoned needles
 f - 60 stones (quivered)
 l - 28 arrows
Armour
 b - a +2 robe (worn)
Jewellery
 n - a cursed ring of ice (left hand)
Scrolls
 i - 2 scrolls of identify
 k - 3 scrolls of recharging {unknown}
 o - a scroll of teleportation {unknown}
Potions
 h - a potion of resistance
 j - a potion of flight {unknown}
Books
 c - a book of Maledictions

   Spells                             Type                      Level
   a - Corona                         Hexes                        1
   b - Ensorcelled Hibernation        Hexes/Ice                    2
   c - Confuse                        Hexes                        3
   d - Tukima's Dance                 Hexes                        3
   e - Dazzling Spray                 Conjuration/Hexes            3
Comestibles
 d - a bread ration


   Skills:
 + Level 1.7 Short Blades
 - Level 3.0 Dodging
 + Level 6.2 Stealth
 + Level 3.1 Spellcasting
 + Level 4.3 Hexes
 + Level 1.0 Ice Magic


You had 3 spell levels left.
You knew the following spells:

 Your Spells              Type           Power        Failure   Level  Hunger
a - Corona                Hex            ###....      2%          1    None
b - Ensorcelled Hibernat  Hex/Ice        ###...       12%         2    ##.....
c - Tukima's Dance        Hex            ###.....     10%         3    ###....


Dungeon Overview and Level Annotations

Branches:
Dungeon (3/15)

Altars:


Innate Abilities, Weirdness & Mutations

You are tiny and cannot use many weapons and most armour.
You have supernaturally acute eyesight. (SInv)
You are a herbivore.
You cover ground extremely quickly.
You need consume almost no food.


Message History

The orc priest invokes the aid of Beogh against you.
Beogh smites you!
Unknown command.
Casting: Corona
Confirm with . or Enter, or press ? or * to list all spells.
Aiming: Tukima's Dance
Press: ? - help, Shift-Dir - straight line, f/p - orc priest
Aim: an orc priest, wielding a falchion (heavily wounded, softly glowing, chance to defeat MR: 54%)
The falchion dances into the air!
The orc priest miscasts a cantrip.
The orc priest hits your falchion.
Your falchion hits the orc priest. The orc priest hits your falchion.
Your falchion falls from the air.
Wield which item (- for none, * to show all)? (? for menu, Esc to quit)
m - a +0 hunting sling (weapon)
The orc priest mumbles some strange prayers to Beogh against you.
Beogh smites you!
Ouch! That really hurt!
You die...

## #. .# #.
#################.#
###.##
#.....@..)ooo.....#
....#
#.###############o#
#..# #†# .#
#..####.# .o
#.......# ..)
####...##### #.##
#......# ..
#.##.#.# #. .
...#.#


You could see an orc priest and 2 orcs.

Vanquished Creatures
  2 adders
  An ooze (D:2)
  A worm (D:2)
  4 dart slugs
  2 giant geckos (D:1)
  An orc (D:3)
  3 giant cockroaches
  A goblin (D:1)
  5 hobgoblins (D:1)
  10 jackals (D:1)
  10 bats
  4 giant newts
  3 kobolds (D:1)
  3 rats (D:1)
50 creatures vanquished.

Vanquished Creatures (others)
  A dancing weapon (D:3)
1 creature vanquished.

Grand Total: 51 creatures vanquished

Notes
Turn   | Place    | Note
-------+----------+-------------------------------------------
     0 | D:1      | Musica the Spriggan Enchanter began the quest for the Orb.
     0 | D:1      | Reached XP level 1. HP: 9/9 MP: 5/5
   123 | D:1      | Reached skill level 5 in Stealth
   159 | D:1      | Reached XP level 2. HP: 6/13 MP: 4/6
   165 | D:1      | Learned a level 2 spell: Ensorcelled Hibernation
   636 | D:1      | Reached XP level 3. HP: 11/16 MP: 1/8
   649 | D:1      | Learned a level 3 spell: Tukima's Dance
  1404 | D:2      | Reached XP level 4. HP: 21/21 MP: 9/9
  1462 | D:2      | Reached skill level 6 in Stealth
  1584 | D:3      | Reached skill level 1 in Ice Magic
  1622 | D:3      | Killed from afar by an orc priest

Vault maps used:
D:1:      dpeg_arrival_prison, minmay_split_cup_small
D:2:      moated_statue
D:3:      grunt_temple_overflow_octagram, first_bread, uniq_sigmund

Skill      XL: |  1  2  3  4 |
---------------+-------------+-----
Stealth        | 5 6 |  6.2
Spellcasting   | 3 |  3.1
Hexes          | 4 |  4.3
Ice Magic      | 1 |  1.0
Short Blades   | |  1.7
Dodging        | |  3.0

Action                   |  1- 3 |  4- 6 || total
-------------------------+-------+-------++-------
Melee: Dagger            |   119 |    13 ||   132
 Fire: Hunting sling     |       |     1 ||     1
Throw: Tomahawk          |     1 |     6 ||     7
 Cast: Corona            |    12 |     2 ||    14
       Ensorcelled Hiber |    13 |     7 ||    20
       Tukima's Dance    |       |     1 ||     1
  Use: Scroll            |     3 |       ||     3
 Stab: Sleeping          |    26 |     4 ||    30
Armor: Robe              |    10 |     2 ||    12
Dodge: Dodged            |   113 |     7 ||   120
